 Dungeon Crawl Stone Soup version 0.19-a0-1834-g6b7851e (webtiles) character file.

41950 4thArraOfDagon the Severer (level 13, -3/123 HPs)
             Began as a Minotaur Monk on Oct 8, 2016.
             Was a High Priest of Ashenzari.
             Slain by a six-headed hydra (11 damage)
             ... on level 4 of the Swamp.
             The game lasted 00:43:03 (7757 turns).

4thArraOfDagon the Severer (Minotaur Monk)          Turns: 7757, Time: 00:43:04

Health: -3/123     AC: 23    Str: 21    XL:     13   Next: 82%
Magic:  17/17      EV:  6    Int:  8    God:    Ashenzari [*****.]
Gold:   741        SH:  4    Dex: 14    Spells: 4 memorised, 11 levels left

rFire  + . .     SeeInvis +     B - +2 battleaxe (chop)
rCold  + + +     Gourm    .     e - +1 gold dragon armour (curse)
rNeg   . . .     Faith    .     (shield currently unavailable)
rPois  +         Spirit   .     (helmet restricted)
rElec  +         Dismiss  .     (no cloak)
rCorr  .         Reflect  +     S - +2 pair of gloves
MR     .....     Harm     .     (no boots)
Stlth  .......... Clarity  +    V - amulet of Sunlight {Reflect *Drain rElec rC++ SH+4 Stlth+} (curse)
                                C - ring of wizardry
                                j - ring of see invisible

@: lethally poisoned (-3 -> -3), about to teleport
A: retaliatory headbutt, horns 2, regeneration 1, strong 1
a: Curse Item, Scrying, Transfer Knowledge, Renounce Religion


You were on level 4 of the Swamp.
You worshipped Ashenzari.
Ashenzari was extremely pleased with you.
You were not hungry.

You visited 4 branches of the dungeon, and saw 26 of its levels.

You collected 2360 gold pieces.
You spent 1619 gold pieces at shops.

Inventory:

Hand Weapons
 a - a +0 hand axe
 o - a +1 hand axe of draining
 x - a +3 scimitar of flaming
 B - a +2 battleaxe of chopping (weapon)
 H - the +8 flail "Jesaq" {flame, Str+4}
   (You found it on level 10 of the Dungeon)

   It has been specially enchanted to burn those struck by it, causing extra
   injury to most foes and up to half again as much damage against particularly
   susceptible opponents.
   It affects your strength (+4).
Missiles
 g - a throwing net (quivered)
Armour
 b - a +0 robe
 e - a cursed +1 gold dragon armour (worn)
 l - a +0 ring mail of cold resistance
 m - a +2 chain mail of magic resistance
 S - a +2 pair of gloves (worn)
Jewellery
 j - a ring of see invisible (left hand)
 y - an uncursed amulet of regeneration
 z - an uncursed ring of stealth
 C - a ring of wizardry (right hand)
 V - the cursed amulet of Sunlight (around neck) {Reflect *Drain rElec rC++ SH+4 Stlth+}
   (You found it on level 6 of the Lair of Beasts)

   [amulet of reflection]

   It shields you and reflects attacks.
   It greatly protects you from cold.
   It insulates you from electricity.
   It causes draining when unequipped.
   It affects your SH (+4).
   It makes you more stealthy.
   It has a curse placed upon it.
Wands
 n - a wand of paralysis (0/24)
 q - a wand of acid (6/15)
 t - a wand of polymorph (14/24)
 I - a wand of iceblast (7/15)
 J - a wand of polymorph (6/24)
 T - a wand of iceblast (12/15)
Scrolls
 d - 4 scrolls of amnesia
 f - 3 scrolls of blinking
 p - 4 scrolls of immolation
 w - 2 scrolls of noise
 D - 2 scrolls of fear
 G - a scroll of identify
 N - a scroll of teleportation
 W - a scroll of magic mapping
 Z - a scroll of recharging
Potions
 h - a potion of cure mutation
 i - 4 potions of heal wounds
 k - 2 potions of haste
 r - 2 potions of might
 s - 3 potions of flight
 u - 3 potions of magic
 v - 2 potions of mutation
 A - 3 potions of lignification
 E - a potion of degeneration
 L - 2 potions of cancellation
 M - 2 potions of ambrosia
 Q - 3 potions of curing
 R - a potion of berserk rage
 U - a potion of invisibility
Miscellaneous
 K - a phial of floods
 Y - a box of beasts
Comestibles
 c - 8 bread rations
 F - 4 meat rations
 P - a beef jerky


   Skills:
 + Level 13.7 Fighting
 * Level 17.9 Axes
 + Level 13.1 Armour
 - Level 3.3 Dodging
 - Level 1.5 Stealth
 + Level 3.4 Spellcasting
 * Level 5.4 Translocations


You had 11 spell levels left.
You knew the following spells:

 Your Spells              Type           Power        Failure   Level  Hunger
a - Blink                 Tloc           N/A          95%         2    ###....
b - Repel Missiles        Chrm/Air       #.....       100%        2    ###....
c - Swiftness             Chrm/Air       #.......     100%        2    ###....
d - Apportation           Tloc           ##........   86%         1    ##.....


Dungeon Overview and Level Annotations

Branches:
Dungeon (14/15)              Lair (6/6) D:11          Swamp (4/4) Lair:4
 Spider (0/4) Lair:4          Orc (2/2) D:11            Elf (0/3) Orc:2
 Vaults (0/5) D:14
 Temple: D:4-7        Slime: Lair:5-6

Altars:
Ashenzari
Dithmenos
Nemelex Xobeh
Ru
Uskayaw
Vehumet
The Shining One
Beogh

Shops:
D:11 (:==   Orc:2 ?([*

Portals:
Trove: D:13 (show abyssal rune of Zot)

Annotations:
D:11 Snorg
D:12 Maurice, Sonja
D:13 Frances
D:14 Urug
Lair:2 jbasstz's ghost, novice TrFi
Swamp:4 exclusion: upstairs


Innate Abilities, Weirdness & Mutations

You reflexively headbutt those who attack you in melee.
You have a pair of horns on your head.
Your natural rate of healing is unusually fast.
Your muscles are strong. (Str +2)


Message History

You slice the bog body!!
You destroy the bog body!
You hit the swamp dragon but do no damage.
The swamp dragon bites you!
* * * LOW HITPOINT WARNING * * *
The swamp dragon closely misses you.
The swamp dragon tramples you but does no damage.
The swamp dragon barely misses you. You furiously retaliate!
You headbutt the swamp dragon, but do no damage.
The swamp dragon barely misses you.
The swamp dragon tramples you but does no damage.
The swamp dragon bites you!
* * * LOW HITPOINT WARNING * * *
The swamp dragon claws you but does no damage.
The swamp dragon tramples you but does no damage.
The six-headed hydra bites you but does no damage. x4
The six-headed hydra bites you!
* * * LOW HITPOINT WARNING * * *
The six-headed hydra bites you!
You die...

...≈≈.≈♣♣♣♣* ,, ,≈** ≈.≈≈.*
♣♣.≈≈≈.♣* ** ≈, ,,**#.≈§# **,,≈
♣♣≈≈≈≈♣ * { {≈ #.≈.# * {
♣.≈≈≈.♣♣≈♣ * ,{ #..$# ** *
♣.≈≈≈.≈♣≈♣♣♣ ♣♣D≈.♣♣♣♣*♣♣
♣...≈≈≈≈≈≈≈♣ ♣♣♣≈......♣♣≈♣♣
♣♣♣≈..≈≈≈≈≈≈♣ ♣♣♣♣≈.≈.....≈≈.♣♣♣
..≈≈≈≈.≈≈≈♣♣♣ ♣DD≈.≈.≈.≈≈≈≈≈.≈.≈
≈≈§♣♣♣..≈♣♣ ♣@Dn≈≈≈≈..≈≈≈≈..≈≈
≈≈♣♣♣♣♣♣♣♣ ♣DD≈≈≈..≈≈≈§≈.≈.≈≈
≈≈.≈..♣♣ ♣♣♣♣♣♣.≈..≈♣..≈≈≈≈≈≈≈
≈≈§≈≈≈≈♣ ♣...♣♣♣♣♣♣♣♣≈≈≈≈≈≈≈≈≈
≈≈≈≈≈≈♣♣ ♣♣≈≈≈♣♣♣♣♣♣♣♣≈≈≈≈≈≈≈≈≈
≈≈....♣ ♣♣.≈≈§....♣≈≈♣.≈≈≈≈≈≈≈≈
≈...≈♣♣♣♣♣♣≈.≈≈≈≈≈≈.♣....†≈≈≈≈≈≈≈
.≈♣≈.≈...♣≈<.≈≈≈≈≈.≈♣♣....≈≈≈≈≈≈≈
≈..≈≈≈.§≈....≈≈≈≈≈≈≈.♣♣≈..≈≈≈≈≈≈≈


You could see a seven-headed hydra, a six-headed hydra, 4 swamp dragons and a
bog body.

Vanquished Creatures
  An orc warlord (Orc:2)
  An entropy weaver (Lair:4)
  An ettin (Orc:2)
  Josephine (D:13)
  2 hydras
  A catoblepas (Lair:6)
  An alligator (Swamp:4)
  A queen ant (Lair:4)
  A deep troll shaman (Lair:6)
  4 death yaks (Lair:6)
  A shambling mangrove (Swamp:4)
  A lindwurm (Lair:6)
  Pikel (D:5)
  4 hill giants
  3 ugly things
  2 elephants (Lair:6)
  2 torpor snails
  2 centaur skeletons
  4 spiny frogs
  4 komodo dragons
  An efreet (D:13)
  A rime drake (Lair:2)
  4 hornets
  2 polar bears (Lair:6)
  A troll (Orc:2)
  2 bog bodies
  4 slime creatures (Swamp:4)
  A meliai zombie (D:11)
  5 hippogriffs
  A shadow (D:12)
  A wyvern (Lair:6)
  21 yaks
  5 wraiths
  A human (D:13)
  3 vampire mosquitoes (D:13)
  A basilisk (D:11)
  Grum (Lair:1)
  A hungry ghost (D:9)
  Menkaure (D:7)
  2 swamp worms
  20 soldier ants
  2 porcupines
  8 water moccasins
  24 orc warriors
  3 ice beasts
  2 swamp drakes
  5 sky beasts
  A black bear (D:7)
  A necrophage (D:10)
  2 phantoms
  6 ogres
  19 wolves
  6 centaurs
  8 crocodiles
  A big kobold (D:11)
  Blork the orc (D:6)
  8 bullfrogs
  A wyvern zombie (D:11)
  A scorpion (D:11)
  14 killer bees
  4 wights (D:10)
  4 howler monkeys
  2 bullfrog zombies
  3 crimson imps
  4 jellies
  17 orc wizards
  A quasit (D:13)
  3 hounds
  23 orc priests
  4 iguanas
  17 worker ants
  A hound zombie (D:8)
  A worker ant zombie (D:6)
  7 gnolls
  4 adders
  5 shadow imps
  An ooze (D:4)
  An adder zombie (D:5)
  2 adder skeletons
  A worm (D:3)
  A dart slug (D:3)
  10 leopard geckos
  76 orcs
  5 bats
  5 giant cockroaches
  7 goblins
  4 hobgoblins
  7 jackals
  8 kobolds
  2 quokkas (D:6)
  3 frilled lizards
  A leopard gecko skeleton (D:5)
  4 rats
  A fungus (Lair:4)
  3 plants
472 creatures vanquished.

Vanquished Creatures (others)
  7 fungi
  3 plants
10 creatures vanquished.

Grand Total: 482 creatures vanquished

Notes
Turn   | Place    | Note
-------+----------+-------------------------------------------
     0 | D:1      | 4thArraOfDagon the Minotaur Monk began the quest for the Orb.
     0 | D:1      | Reached XP level 1. HP: 19/19 MP: 0/0
    29 | D:1      | wow
    86 | D:1      | Reached skill level 4 in Axes
   106 | D:1      | Reached XP level 2. HP: 23/27 MP: 1/1
   241 | D:1      | Reached skill level 1 in Armour
   393 | D:1      | Reached XP level 3. HP: 33/33 MP: 2/2
   654 | D:4      | Reached XP level 4. HP: 34/40 MP: 3/3
   746 | D:4      | Reached skill level 5 in Axes
   913 | D:5      | Entered Level 5 of the Dungeon
   959 | D:5      | Found a shattered altar of Ashenzari.
   981 | D:5      | Noticed a centaur
   990 | D:5      | Killed a centaur
   990 | D:5      | Reached XP level 5. HP: 38/47 MP: 4/4
  1005 | D:5      | Noticed a centaur
  1015 | D:5      | Killed a centaur
  1015 | D:5      | Reached skill level 5 in Fighting
  1015 | D:5      | Reached skill level 6 in Axes
  1015 | D:5      | Reached XP level 6. HP: 35/56 MP: 5/5
  1052 | D:5      | Reached skill level 7 in Axes
  1063 | D:5      | Learned a level 2 spell: Blink
  1066 | D:5      | Learned a level 2 spell: Repel Missiles
  1074 | D:5      | Found a sacrificial altar of Ru.
  1083 | D:5      | Noticed a slave
  1108 | D:6      | Found a hide-covered altar of Uskayaw.
  1116 | D:6      | Reached XP level 7. HP: 21/62 MP: 6/6
  1154 | D:6      | Noticed Blork the orc
  1257 | D:5      | Reached skill level 8 in Axes
  1479 | D:6      | Reached skill level 5 in Armour
  1768 | D:5      | Noticed Pikel
  1786 | D:5      | Killed Pikel
  1786 | D:5      | Reached skill level 9 in Axes
  1786 | D:5      | Reached XP level 8. HP: 73/73 MP: 7/7
  1897 | D:7      | Found a glowing golden altar of the Shining One.
  1999 | D:7      | Found a sparkling altar of Nemelex Xobeh.
  2077 | D:6      | Killed Blork the orc
  2077 | D:6      | Reached skill level 10 in Axes
  2121 | D:5      | Became a worshipper of Ashenzari the Shackled
  2121 | D:5      | Reached * piety under Ashenzari
  2121 | D:5      | Reached ** piety under Ashenzari
  2255 | D:7      | Noticed Menkaure
  2265 | D:7      | Killed Menkaure
  2354 | D:8      | Reached XP level 9. HP: 81/81 MP: 8/8
  2373 | D:8      | Found a shadowy altar of Dithmenos.
  2378 | D:8      | Learned a level 2 spell: Swiftness
  2454 | D:8      | Gained mutation: Your muscles are strong. (Str +2) [mutagenic meat]
  2457 | D:8      | Gained mutation: Your natural rate of healing is unusually fast. [mutagenic meat]
  2466 | D:8      | Reached skill level 11 in Axes
  2642 | D:10     | Entered Level 10 of the Dungeon
  2704 | D:9      | Noticed a hill giant
  2714 | D:9      | Killed a hill giant
  2714 | D:9      | Reached skill level 12 in Axes
  2795 | D:10     | Noticed a hill giant
  2807 | D:10     | Killed a hill giant
  2807 | D:10     | Reached XP level 10. HP: 91/91 MP: 9/9
  3049 | D:10     | Got the flail "Jesaq" {flame, Str+4}
  3193 | D:11     | Noticed a hill giant
  3196 | D:11     | Noticed an eight-headed hydra
  3268 | D:11     | Found Egrun's Antique Weapon Shoppe.
  3275 | D:11     | Noticed a hill giant
  3299 | D:11     | Killed a hill giant
  3299 | D:11     | Reached skill level 13 in Axes
  3327 | D:11     | Found Xeaw's Jewellery Boutique.
  3351 | D:11     | Reached skill level 10 in Fighting
  3409 | D:11     | Found Sianaj's Jewellery Shoppe.
  3457 | D:11     | Found Oheelum's Book Shoppe.
  3487 | D:12     | Noticed an eight-headed hydra
  3660 | D:12     | Noticed Maurice
  3696 | D:14     | Noticed a tengu warrior
  3706 | D:14     | Noticed a tengu warrior
  3782 | D:14     | Found a gate to the Vaults.
  3782 | D:14     | Noticed a centaur warrior
  3782 | D:14     | Noticed Urug
  3782 | D:14     | Noticed a hill giant
  3782 | D:14     | Noticed a cyan ugly thing
  3782 | D:14     | Noticed a cyan ugly thing
  3783 | D:14     | Noticed a cyan ugly thing
  3794 | D:13     | Killed a cyan ugly thing
  3794 | D:13     | Reached skill level 14 in Axes
  3794 | D:13     | Reached skill level 10 in Armour
  3838 | D:13     | Reached XP level 11. HP: 82/101 MP: 10/10
  3841 | D:13     | Noticed Frances
  4033 | D:13     | Noticed a deep elf mage
  4033 | D:13     | Noticed a frost giant
  4050 | D:13     | Reached *** piety under Ashenzari
  4080 | D:13     | Found a portal to a secret trove of treasure.
  4085 | D:13     | Noticed Josephine
  4107 | D:13     | Killed Josephine
  4260 | D:12     | Noticed a cyan ugly thing
  4311 | D:11     | Noticed Snorg
  4341 | D:12     | Killed a cyan ugly thing
  4355 | D:12     | Noticed Sonja
  4396 | D:11     | Killed a hill giant
  4396 | D:11     | Reached skill level 15 in Axes
  4581 | D:11     | Noticed a white ugly thing
  4589 | D:11     | Found a staircase to the Orcish Mines.
  4593 | D:11     | Killed a white ugly thing
  4599 | Orc:1    | Entered Level 1 of the Orcish Mines
  4627 | Orc:1    | Found a radiant altar of Vehumet.
  4676 | Orc:2    | Entered Level 2 of the Orcish Mines
  4690 | Orc:2    | Noticed an ettin
  4703 | Orc:2    | Killed an ettin
  4908 | Orc:2    | Found a roughly hewn altar of Beogh.
  4979 | Orc:2    | Found a roughly hewn altar of Beogh.
  4980 | Orc:2    | Found Vasivud's Magic Scroll Shop.
  5015 | Orc:2    | Bought a scroll of identify for 32 gold pieces
  5015 | Orc:2    | Bought a scroll of teleportation for 48 gold pieces
  5015 | Orc:2    | Bought a scroll of identify for 32 gold pieces
  5015 | Orc:2    | Bought a scroll of enchant weapon for 120 gold pieces
  5015 | Orc:2    | Bought a scroll of identify for 32 gold pieces
  5015 | Orc:2    | Bought a scroll of remove curse for 48 gold pieces
  5048 | Orc:2    | Found a staircase to the Elven Halls.
  5054 | Orc:2    | Found a roughly hewn altar of Beogh.
  5086 | Orc:2    | Reached **** piety under Ashenzari
  5132 | Orc:2    | Found a roughly hewn altar of Beogh.
  5162 | Orc:2    | Found Vuisorat's General Store.
  5176 | Orc:2    | Bought a scroll of brand weapon for 300 gold pieces
  5324 | Orc:2    | Reached XP level 12. HP: 73/112 MP: 11/11
  5432 | Orc:2    | Noticed an orc warlord
  5470 | Orc:2    | Killed an orc warlord
  5470 | Orc:2    | Reached skill level 16 in Axes
  5595 | Orc:2    | Found Owkeuhorod's Antique Armour Shop.
  5598 | Orc:2    | Found a roughly hewn altar of Beogh.
  5601 | Orc:2    | Found Ary Idubli's Antique Weapon Boutique.
  5612 | Orc:2    | Bought a pair of embroidered gloves for 139 gold pieces
  5612 | Orc:2    | Bought a bloodstained plate armour for 868 gold pieces
  5612 | Orc:2    | Identified the cursed +0 plate armour "Ylyogake" {rPois} (You bought it in a shop on level 2 of the Orcish Mines)
  5756 | D:11     | Found a staircase to the Lair.
  5792 | Lair:1   | Entered Level 1 of the Lair of Beasts
  5838 | Lair:1   | Noticed Grum
  5852 | Lair:1   | Killed Grum
  5901 | Lair:1   | Found a shadowy altar of Dithmenos.
  5904 | Lair:1   | Learned a level 1 spell: Apportation
  5956 | Lair:2   | Noticed jbasstz's ghost (novice TrFi)
  6035 | Lair:4   | Found a staircase to the Swamp.
  6056 | Lair:4   | Reached skill level 1 in Translocations
  6070 | Lair:4   | Reached skill level 1 in Spellcasting
  6173 | Lair:6   | Entered Level 6 of the Lair of Beasts
  6326 | Lair:6   | Noticed a six-headed hydra
  6352 | Lair:6   | Noticed a five-headed hydra
  6403 | Lair:4   | Noticed an entropy weaver
  6479 | Lair:6   | Reached skill level 17 in Axes
  6512 | Lair:6   | Noticed a catoblepas
  6512 | Lair:6   | Noticed a death yak
  6512 | Lair:6   | Noticed a death yak
  6512 | Lair:6   | Noticed a death yak
  6512 | Lair:6   | Noticed a death yak
  6548 | Lair:6   | Killed a death yak
  6554 | Lair:6   | Killed a catoblepas
  6554 | Lair:6   | Reached XP level 13. HP: 75/122 MP: 15/15
  6636 | Lair:6   | Identified the amulet of Sunlight {Reflect *Drain rElec rC++ SH+4 Stlth+}
  6913 | Lair:4   | Found a hole to the Spider Nest.
  6973 | Lair:4   | Killed an entropy weaver
  7070 | Lair:4   | Identified the +8 flail "Jesaq" {flame, Str+4} (You found it on level 10 of the Dungeon)
  7393 | Swamp:1  | Entered Level 1 of the Swamp
  7457 | Swamp:2  | Reached skill level 5 in Translocations
  7475 | Swamp:4  | Entered Level 4 of the Swamp
  7597 | Swamp:3  | Noticed a thorn hunter
  7659 | Swamp:4  | Reached ***** piety under Ashenzari
  7757 | Swamp:4  | Slain by a six-headed hydra

Vault maps used:
D:1:      dpeg_arrival_subterranean_lakeside_camping, minmay_fountain_box
D:2:      nicolae_overflow_crystal_walls, first_bread
D:3:      grunt_dithmenos_smoke
D:5:      bloody_makhleb, kennysheep_little_box, evilmike_ruin_ashenzari,
          okawaru_ov_weapons_minmay, uniq_pikel
D:6:      eat_drink_and_be_merry_uskayaw, kennysheep_another_room,
          uniq_blork_the_orc
D:7:      lemuel_ice_statue, lemuel_doored_altar, basic_altar, uniq_menkaure
D:8:      basic_altar
D:9:      amethyst_overflow_temple_binary
D:11:     david_lair_shrubbed, orc_0_dummy, serial_curves, eino_curves_01,
          eino_curves_03, serial_shops, shop_statue, kennysheep_mini_moat, shop,
          nicolae_shop_waterfront, uniq_snorg
D:12:     the_bakery, uniq_maurice, uniq_sonja
D:13:     hourglass_vault, serial_glass, glass_columns_b, glass_columns_b,
          glass_columns_c, glass_columns_a, glass_columns_b, glass_columns_b,
          item_on_display_a, item_on_display_a, feat_on_display, enter_trove_3,
          uniq_josephine, uniq_frances
D:14:     kennysheep_blocky_room, david_vaults_3, minmay_misc_feat_five,
          portal_ice_cave_entry_imps, uniq_urug
Lair:1:   basic_altar, ldierk_geyser, grunt_megastairs_4, uniq_grum
Lair:4:   minmay_swamp_entry_reptiles, nicolae_spider_entry_orb_guardian,
          grunt_forest_stairs_basic, minivault_29
Lair:5:   minmay_slime_entry_pillars
Lair:6:   grunt_lair_end_beastmaster, serial_bayou_pond_c, serial_bayou_shore_b
Swamp:1:  evilmike_swamp_ruin_wall, swamp_pool2, uniq_donald
Swamp:2:  evilmike_swamp_ruin_rubble_2
Swamp:3:  nicolae_swamp_triple_paths, infiniplex_staircase_pool, uniq_jorgrun
Swamp:4:  swamp_basic_johnstein
Orc:1:    basic_altar
Orc:2:    grunt_orc_community_town_hall, grunt_orc_community_big_house_1,
          grunt_orc_community_big_house_2, grunt_orc_community_house_2,
          grunt_orc_community_house_3, grunt_orc_community_house_3,
          grunt_orc_community_house_2, grunt_orc_community_house_1

Skill      XL: |  1  2  3  4  5  6  7  8  9 10 11 12 13 |
---------------+----------------------------------------+-----
Axes           | 4 5 6 7 9 10 12 14 15 17 | 17.9
Armour         | 1 2 3 4 6 7 8 10 11 12 13 | 13.1
Fighting       | 4 5 7 9 10 12 13 | 13.7
Translocations | 3 5 |  5.4
Spellcasting   | 2 3 |  3.4
Dodging        | |  3.3
Stealth        | |  1.5

Action                   |  1- 3 |  4- 6 |  7- 9 | 10-12 | 13-15 || total
-------------------------+-------+-------+-------+-------+-------++-------
Melee: Hand axe          |    78 |    67 |   255 |   522 |   330 ||  1252
       Headbutt          |    12 |    21 |    44 |   213 |   123 ||   413
       Battleaxe         |       |       |       |   374 |    27 ||   401
       Flail             |       |       |       |       |    54 ||    54
Throw: Throwing net      |       |       |       |     2 |       ||     2
Invok: Curse Item        |       |       |       |     1 |     1 ||     2
Evoke: Wand              |       |       |    15 |    14 |       ||    29
       Phial of floods   |       |       |       |     1 |       ||     1
  Use: Scroll            |     8 |     2 |     7 |    11 |     9 ||    37
       Potion            |       |       |     3 |     1 |       ||     4
 Stab: Sleeping          |     2 |       |       |       |       ||     2
       Paralysed         |       |       |    35 |    10 |       ||    45
       Distracted        |       |       |       |     1 |       ||     1
       Held in net/web   |       |       |       |     2 |       ||     2
       Petrifying        |       |       |       |     2 |     2 ||     4
       Petrified         |       |       |       |     1 |       ||     1
  Eat: Chunk             |       |     1 |     4 |     8 |     2 ||    15
       Fruit             |       |       |     3 |       |       ||     3
       Bread ration      |       |       |     1 |     1 |       ||     2
       Pizza             |       |       |       |       |     1 ||     1
       Beef jerky        |       |       |       |       |     1 ||     1
Armor: Robe              |     3 |       |       |       |       ||     3
       Ring mail         |    14 |       |       |       |       ||    14
       Chain mail        |     2 |    39 |   121 |       |       ||   162
       Gold dragon armou |       |       |       |   672 |   359 ||  1031
Dodge: Dodged            |    48 |    30 |   117 |   213 |   118 ||   526
Block: Other             |       |       |       |       |    62 ||    62
